 Dungeon Sprint DCSS version 0.19.4-9-g45fd643 (webtiles) character file.

7765 equalderp2856 the Eviscerator (level 11, -6/53 HPs)
             Began as a Felid Fighter on Feb 16, 2017.
             Was a Priest of Elyvilon.
             Mangled by Agnes
             ... wielding a +0 lajatang
              (32 damage)
             ... in the Dungeon (Sprint IX: "|||||||||||||||||||||||||||||").
             The game lasted 00:19:07 (8750 turns).

equalderp2856 the Eviscerator (Felid Fighter)       Turns: 8750, Time: 00:19:08

Health: -6/53      AC:  6    Str: 13    XL:     11   Next: 1%
Magic:  14/14      EV: 34    Int: 10    God:    Elyvilon [***...]
Gold:   642        SH:  0    Dex: 18    Spells: 0 memorised, 10 levels left
                                        Lives:  0   Deaths: 3

rFire  . . .     SeeInvis +       - Unarmed
rCold  . . .     Gourm    .     (armour unavailable)
rNeg   . . .     Faith    .     (shield unavailable)
rPois  .         Spirit   .     (helmet unavailable)
rElec  .         Reflect  .     (cloak unavailable)
rCorr  .         Harm     .     (gloves unavailable)
MR     +....     NoTele   +     (boots unavailable)
Stlth  ++++++....               (no amulet)
                                n - +2 ring of protection
                                m - +2 ring of protection

@: quick
A: no armour, no weapons or thrown items, stealth, claws 1, fangs 3, see
invisible, carnivore 3, speed 1, shaggy fur 2, slow metabolism 1, sharp paws
a: Lesser Healing, Heal Other, Purification, Divine Protection, Renounce
Religion


You were in the Dungeon.
You worshipped Elyvilon.
Elyvilon was most pleased with you.
You were not hungry.

You visited 1 branch You collected 1962 gold pieces.
You spent 1320 gold pieces at shops.

Inventory:

Jewellery
 m - a +2 ring of protection (left paw)
 n - a +2 ring of protection (right paw)
 w - an uncursed ring of protection from cold
 x - an uncursed ring of ice
 y - an uncursed ring of protection from cold
Wands
 l - a wand of lightning (3/15)
 s - a wand of acid (12/15)
 u - a wand of confusion (22/48)
Scrolls
 h - 2 scrolls of blinking
 j - 4 scrolls of remove curse
 k - 2 scrolls of amnesia
 o - 2 scrolls of fear
 p - a scroll of fog
 q - 4 scrolls of recharging
 z - a scroll of identify
Potions
 a - a potion of might
 b - 2 potions of cure mutation
 c - a potion of invisibility
 d - 2 potions of heal wounds
 e - a potion of haste
 f - 4 potions of magic
 g - 4 potions of berserk rage
 i - 3 potions of curing
Miscellaneous
 t - a fan of gales
 v - a phantom mirror
Comestibles
 r - 11 meat rations


   Skills:
 + Level 9.0 Fighting
 + Level 18.4 Dodging
 + Level 12.2 Stealth
 + Level 24.3 Unarmed Combat
 + Level 3.1 Evocations


You had 10 spell levels left.
You didn't know any spells.

Dungeon Overview and Level Annotations

Branches:
Dungeon (1/1)

Altars:
Cheibriados
Dithmenos
Elyvilon
Fedhas
Gozag
Hepliaklqana
Kikubaaqudgha
Makhleb
Nemelex Xobeh
Okawaru
Qazlal
Ru
Sif Muna
Trog
Uskayaw
Vehumet
Xom
Yredelemnul
Zin
The Shining One
Beogh
Jiyva
Lugonu

Shops:
D }[%(

Annotations:
D Agnes


Innate Abilities, Weirdness & Mutations

You cannot wear armour.
You are incapable of wielding weapons or throwing items.
Your paws allow you to move quietly. (Stealth)
You have sharp claws.
You have razor-sharp teeth.
You have supernaturally acute eyesight. (SInv)
You are carnivorous and can eat meat at any time.
You cover ground quickly.
You are covered in thick fur. (AC +2)
You have a slow metabolism.
Your sharp claws are effective at attacking unaware monsters.


Message History

You pounce on the unaware helpless Snorg!
You eviscerate Snorg!!!!!!
You kill Snorg!
Welcome back to level 11!
Agnes the Wanderer comes into view.
She is wielding a lajatang.
Agnes completely misses you.
You closely miss Agnes.
Agnes says, "You dishonour your ancestors."
Agnes hits you with a lajatang!!
Ouch! That really hurt!
You mangle Agnes!! Your bite misses Agnes.
Agnes is moderately wounded.
You scratch Agnes but do no damage. You bite Agnes.
Agnes is moderately wounded.
Agnes completely misses you.
You barely miss Agnes.
Agnes is moderately wounded.
Agnes hits you with a lajatang!!
Ouch! That really hurt!
You die...

▓)▓.▓)▓.▓.▓.▓_▓
▓.▓)▓.▓.▓.▓.▓.▓_▓
▓.▓)▓.▓.▓.▓.▓.▓_▓
▓.▓)▓.▓.▓.▓'▓.▓_▓
▓.▓)▓.▓)▓.▓.▓.▓_▓
▓.▓.▓.▓)▓.▓.▓.▓_▓
▓.▓[▓.▓)▓.▓.▓.▓_▓
♣i▓[▓.▓.▓.▓.▓.▓_▓
♣@▓[▓.▓)▓.▓.▓.▓_▓
♣.▓[▓.▓)▓.▓.▓.▓_▓
♣.▓[▓.▓)▓.▓.▓.▓_▓
♣.▓[▓.▓.▓.▓.▓.▓_▓
♣.▓[▓)▓.▓.▓.▓.▓_▓
♣.▓[▓)▓.▓.▓'▓.▓_▓
♣.▓(▓.▓)▓.▓.▓.▓_▓
♣.▓(▓.▓.▓.▓.▓.▓_▓
♣.▓.▓.▓.▓.▓.▓.▓_▓


You could see Agnes.

Vanquished Creatures
  A frost giant (shapeshifter) (D)
  A vampire knight (D)
  Snorg (D)
  A rakshasa (D)
  A great orb of eyes (D)
  2 catoblepae (D)
  2 death knights (D)
  A centaur warrior (D)
  A death yak (shapeshifter) (D)
  3 ogre magi (D)
  3 death yaks (D)
  A lindwurm (D)
  A hill giant (D)
  2 orc knights (D)
  An ugly thing (D)
  A manticore (D)
  A cyclops (D)
  A black mamba (D)
  4 spiny frogs (D)
  A komodo dragon (D)
  A rime drake (D)
  A jumping spider (shapeshifter) (D)
  A polar bear (D)
  7 two-headed ogres (D)
  A slime creature (D)
  A wyvern (D)
  3 yaks (D)
  2 hungry ghosts (D)
  A water moccasin (D)
  A soldier ant (D)
  2 porcupines (D)
  9 orc warriors (D)
  A sky beast (D)
  5 ogres (D)
  A centaur (D)
  2 wolves (D)
  A big kobold (D)
  3 bullfrogs (D)
  2 crimson imps (D)
  3 orc priests (D)
  5 orc wizards (D)
  A hound (D)
  2 adders (D)
  A shadow imp (D)
  2 leopard geckos (D)
  8 orcs (D)
  A ball python (D)
  A goblin (D)
  2 kobolds (D)
101 creatures vanquished.

Vanquished Creatures (others)
  A yak (D)
1 creature vanquished.

Grand Total: 102 creatures vanquished

Notes
Turn   | Place    | Note
-------+----------+-------------------------------------------
     0 | D        | equalderp2856 the Felid Fighter began the quest for the Orb.
     0 | D        | Reached XP level 1. HP: 10/10 MP: 2/2
    19 | D        | Reached skill level 5 in Unarmed Combat
   177 | D        | Noticed a crimson imp
   177 | D        | Noticed a crimson imp
   184 | D        | Killed a crimson imp
   184 | D        | Reached skill level 5 in Dodging
   184 | D        | Reached skill level 6 in Unarmed Combat
   184 | D        | Reached XP level 2. HP: 12/15 MP: 3/3
   184 | D        | Reached XP level 3. HP: 14/18 MP: 4/4
   186 | D        | Reached skill level 7 in Unarmed Combat
   186 | D        | Reached XP level 4. HP: 15/22 MP: 5/5
   223 | D        | Found a roughly hewn altar of Beogh.
   223 | D        | Found a snail-covered altar of Cheibriados.
   223 | D        | Found a shadowy altar of Dithmenos.
   223 | D        | Found a white marble altar of Elyvilon.
   223 | D        | Found a blossoming altar of Fedhas.
   223 | D        | Found an opulent altar of Gozag.
   224 | D        | Found a hazy altar of Hepliaklqana.
   225 | D        | Found a viscous altar of Jiyva.
   226 | D        | Found an ancient bone altar of Kikubaaqudgha.
   227 | D        | Found a corrupted altar of Lugonu.
   228 | D        | Found a burning altar of Makhleb.
   229 | D        | Found a sparkling altar of Nemelex Xobeh.
   230 | D        | Found an iron altar of Okawaru.
   231 | D        | Found a stormy altar of Qazlal.
   232 | D        | Found a sacrificial altar of Ru.
   233 | D        | Found a deep blue altar of Sif Muna.
   234 | D        | Found a bloodstained altar of Trog.
   235 | D        | Found a hide-covered altar of Uskayaw.
   236 | D        | Found a radiant altar of Vehumet.
   237 | D        | Found a shimmering altar of Xom.
   238 | D        | Found a basalt altar of Yredelemnul.
   239 | D        | Found a glowing silver altar of Zin.
   240 | D        | Found a glowing golden altar of the Shining One.
   263 | D        | Became a worshipper of Elyvilon the Healer
   304 | D        | Noticed a hungry ghost
   304 | D        | Noticed an ogre
   304 | D        | Noticed a big kobold
   304 | D        | Noticed a hill giant
   304 | D        | Noticed a sky beast
   325 | D        | Killed a hungry ghost
   325 | D        | Reached skill level 5 in Fighting
   325 | D        | Reached skill level 10 in Unarmed Combat
   325 | D        | Reached XP level 5. HP: 27/27 MP: 6/6
   345 | D        | Killed a hill giant
   345 | D        | Reached skill level 10 in Dodging
   345 | D        | Reached skill level 12 in Unarmed Combat
   345 | D        | Gained mutation: You are covered in thick fur. (AC +2) [Felid growth]
   345 | D        | Reached XP level 6. HP: 31/31 MP: 7/7
   345 | D        | Reached XP level 7. HP: 35/35 MP: 8/8
   347 | D        | Reached skill level 13 in Unarmed Combat
   476 | D        | Noticed a komodo dragon
   476 | D        | Noticed a slime creature
   484 | D        | Reached XP level 8. HP: 35/40 MP: 9/9
   485 | D        | Reached skill level 14 in Unarmed Combat
   489 | D        | HP: 1/40 [komodo dragon (22)]
  1031 | D        | Killed a komodo dragon
  1074 | D        | Killed a slime creature
  1074 | D        | Reached skill level 1 in Stealth
  1246 | D        | Reached * piety under Elyvilon
  1337 | D        | Noticed a spiny frog
  1337 | D        | Noticed a spiny frog
  1337 | D        | Noticed a black mamba
  1354 | D        | Killed a spiny frog
  1354 | D        | Reached skill level 15 in Unarmed Combat
  1354 | D        | Reached skill level 1 in Evocations
  1561 | D        | Killed a spiny frog
  1561 | D        | Reached XP level 9. HP: 43/43 MP: 9/11
  1571 | D        | Reached skill level 16 in Unarmed Combat
  1575 | D        | Killed a black mamba
  2061 | D        | Noticed a spiny frog
  2061 | D        | Noticed a polar bear
  2061 | D        | Noticed a spiny frog
  2061 | D        | Noticed a rime drake
  2063 | D        | Noticed a lindwurm
  2067 | D        | Killed a spiny frog
  2067 | D        | Reached skill level 17 in Unarmed Combat
  2074 | D        | Killed a polar bear
  2076 | D        | Reached skill level 5 in Stealth
  2221 | D        | Killed a spiny frog
  2221 | D        | Reached skill level 15 in Dodging
  2221 | D        | Reached XP level 10. HP: 48/48 MP: 12/12
  2231 | D        | Killed a lindwurm
  2231 | D        | Reached skill level 18 in Unarmed Combat
  2266 | D        | Noticed a death yak
  2266 | D        | Noticed a death yak
  2266 | D        | Noticed a death yak
  2266 | D        | Noticed a catoblepas
  2638 | D        | Noticed a catoblepas
  2638 | D        | Killed a death yak
  2646 | D        | Killed a death yak
  2646 | D        | Reached skill level 19 in Unarmed Combat
  3257 | D        | Killed a death yak
  3443 | D        | Killed a catoblepas
  3651 | D        | Slain by a catoblepas
  3652 | D        | Reached XP level 9. HP: 0/44 MP: 12/12
  3652 | D        | Reached ** piety under Elyvilon
  3701 | D        | Found Amanil's Antique Weapon Shoppe.
  3701 | D        | Noticed an ogre mage
  3701 | D        | Noticed an ogre mage
  3704 | D        | Reached XP level 10. HP: 48/48 MP: 13/13
  3710 | D        | Reached skill level 20 in Unarmed Combat
  3716 | D        | Killed an ogre mage
  3731 | D        | Killed an ogre mage
  4213 | D        | Found Jugil's Food Emporium.
  4217 | D        | Found Affalik's Antique Armour Shoppe.
  4220 | D        | Found Rimmergh's Gadget Emporium.
  4555 | D        | Reached skill level 21 in Unarmed Combat
  4581 | D        | Noticed an orc knight
  4584 | D        | Noticed an orc knight
  4711 | D        | Killed an orc knight
  4790 | D        | Killed an orc knight
  4790 | D        | Reached skill level 10 in Stealth
  4790 | D        | Reached XP level 11. HP: 52/52 MP: 14/14
  5298 | D        | Reached *** piety under Elyvilon
  5452 | D        | Killed a catoblepas
  5802 | D        | Bought a wand of acid (12/15) for 352 gold pieces
  5802 | D        | Bought a fan of gales for 440 gold pieces
  5802 | D        | Bought a wand of confusion (22/48) for 198 gold pieces
  5802 | D        | Bought a phantom mirror for 330 gold pieces
  6038 | D        | Noticed a death knight
  6038 | D        | Noticed a death knight
  6042 | D        | Noticed an orb spider
  6042 | D        | a hornet changed into an orb spider
  6565 | D        | Killed a death knight
  6565 | D        | Reached skill level 22 in Unarmed Combat
  6677 | D        | Noticed a queen ant
  6680 | D        | Noticed a death yak
  6680 | D        | a queen ant changed into a death yak
  6687 | D        | Killed a death yak
  7205 | D        | Killed a death knight
  7307 | D        | Noticed a centaur warrior
  7379 | D        | Killed a centaur warrior
  7379 | D        | Reached skill level 23 in Unarmed Combat
  7380 | D        | Noticed a green ugly thing
  7489 | D        | Killed a green ugly thing
  7494 | D        | Noticed a rakshasa
  7495 | D        | Noticed a great orb of eyes
  7496 | D        | Noticed a vampire knight
  7522 | D        | Killed from afar by a rakshasa (illusionary)
  7523 | D        | Reached XP level 10. HP: -11/49 MP: 13/13
  7774 | D        | Killed a rakshasa
  8035 | D        | Noticed a hill giant
  8036 | D        | Noticed an ogre mage
  8042 | D        | Killed a great orb of eyes
  8042 | D        | Reached XP level 11. HP: 38/52 MP: 14/14
  8060 | D        | Elyvilon protects you from harm!
  8062 | D        | Noticed a shining eye
  8062 | D        | a hill giant changed into a shining eye
  8064 | D        | Killed from afar by a vampire knight
  8065 | D        | Reached XP level 10. HP: 0/49 MP: 13/13
  8320 | D        | Killed a vampire knight
  8491 | D        | Noticed a shadow dragon
  8493 | D        | Noticed a frost giant
  8493 | D        | a shadow dragon changed into a frost giant
  8506 | D        | Killed a frost giant
  8506 | D        | Reached skill level 24 in Unarmed Combat
  8512 | D        | Killed an ogre mage
  8714 | D        | Noticed Snorg
  8721 | D        | Killed Snorg
  8721 | D        | Reached XP level 11. HP: 53/53 MP: 14/14
  8743 | D        | Noticed Agnes
  8750 | D        | Mangled by Agnes

Skill      XL: |  1  2  3  4  5  6  7  8  9 10 11 |
---------------+----------------------------------+-----
Unarmed Combat | 6 7 10 12 13 15 17 24 23 | 24.3
Fighting       | 4 5 6 7 9 |  9.0
Dodging        | 5 6 8 10 11 13 15 18 | 18.4
Stealth        | 2 8 12 11 | 12.2
Evocations     | 1 2 3 |  3.1

Action                   |  1- 3 |  4- 6 |  7- 9 | 10-12 || total
-------------------------+-------+-------+-------+-------++-------
Melee: Unarmed           |    22 |    39 |   120 |   342 ||   523
       Bite              |     1 |     2 |    18 |    44 ||    65
       Punch             |       |       |    10 |    33 ||    43
Evoke: Wand              |       |       |     3 |     1 ||     4
  Use: Potion            |       |     2 |     1 |     7 ||    10
 Stab: Distracted        |       |       |     1 |     2 ||     3
       Sleeping          |       |       |       |     2 ||     2
       Petrifying        |       |       |       |     1 ||     1
       Petrified         |       |       |       |     1 ||     1
  Eat: Chunk             |       |     5 |     3 |       ||     8
       Meat ration       |       |       |     1 |     1 ||     2
Armor: Skin              |       |       |     2 |     7 ||     9
Dodge: Dodged            |    17 |    26 |    81 |   184 ||   308
